[Event "74th Superior Womens Argentine-ch 2023"]
[Site "Buenos Aires"]
[Date "2023.11.28"]
[Round "9.1"]
[White "Campos, Maria Jose"]
[Black "Borda Rodas, Anapaola S."]
[Result "1-0"]
[ECO "A13"]
[WhiteElo "2208"]
[BlackElo "2261"]
[Annotator "RC"]
[PlyCount "105"]
[EventDate "2023.11.20"]
[EventType "swiss"]
[EventCountry "ARG"]
[SourceTitle "playchess.com"]
[Source "ChessBase"]
[SourceQuality "1"]
[TimeControl "5400+30"]

1. c4 e6 2. g3 d5 3. Nf3 d4 4. Bg2 Nc6 5. O-O Bc5 6. d3 Nf6 7. Nbd2 O-O 8. Nb3 Be7 9. e3 dxe3 10. Bxe3 Ng4 11. Bc5 Bxc5 12. Nxc5 b6 13. Nb3 Bb7 14. Qe2 a5 15. Rad1 a4 16. Na1 a3 17. b3 Nb4 18. d4 Ra5 19. Qd2 Qf6 20. d5 c5 21. h3 Nh6 22. g4 Qd8 23. Ne5 f6 24. Nd3 Nxd3 25. Qxd3 exd5 26. Bxd5+ Bxd5 27. Qxd5+ Qxd5 28. Rxd5 Re8 29. Nc2 Re2 30. Rc1 Ra8 31. Rd6 Nf7 32. Rxb6 Ng5 33. Kg2 Rd2 34. b4 Ne4 35. bxc5 Nxf2 36. Kf3 Nxh3 37. Rd6 Ng5+ 38. Ke3 Rh2 39. c6 Re8+ 40. Kd3 Nf7 41. c5 Ne5+ 42. Kd4 Rd2+ 43. Kc3 Rxd6 44. cxd6 Nxc6 45. Nxa3 Ne5 46. Kd4 Ra8 47. Nc4 Nxc4 48. Rxc4 Rxa2 49. Kd5 Rd2+ 50. Kc6 g5 51. d7 h5 52. gxh5 f5 53. Rc5 1-0

[Event "74th Superior Womens Argentine-ch 2023"]
[Site "Buenos Aires"]
[Date "2023.11.28"]
[Round "9.2"]
[White "Brizzi, Milagros Tatiana"]
[Black "Gaite, Karen Nerina"]
[Result "1/2-1/2"]
[ECO "C78"]
[WhiteElo "2076"]
[BlackElo "1871"]
[Annotator "RC"]
[PlyCount "167"]
[EventDate "2023.11.20"]
[EventType "swiss"]
[EventCountry "ARG"]
[SourceTitle "playchess.com"]
[Source "ChessBase"]
[SourceQuality "1"]
[TimeControl "5400+30"]

1. e4 e5 2. Nf3 Nc6 3. Bb5 a6 4. Ba4 Nf6 5. O-O b5 6. Bb3 Bc5 7. c3 d6 8. d4 Bb6 9. Be3 O-O 10. Nbd2 Bg4 11. h3 Bh5 12. dxe5 dxe5 13. Bxb6 cxb6 14. Qe2 Qe7 15. Bd5 Rfc8 16. a4 b4 17. g4 Bg6 18. Nc4 Rab8 19. Bxc6 Rxc6 20. Ncxe5 Re6 21. Nxg6 hxg6 22. Ng5 Rc6 23. Rac1 bxc3 24. bxc3 Nd5 25. Qd2 Nxc3 26. Nxf7 Nxe4 27. Qd5 Rxc1 28. Ne5+ Kh7 29. Rxc1 Nf6 30. Qd4 Re8 31. Nf3 b5 32. axb5 axb5 33. Ng5+ Kh8 34. Qd3 Nxg4 35. Qxg6 Nf6 36. Rc6 Rf8 37. Ne6 Rg8 38. Qg5 Qe8 39. Rd6 Qh5 40. Qxh5+ Nxh5 41. Rd5 g6 42. Rxb5 Kh7 43. Rb7+ Kh6 44. h4 Nf6 45. Rf7 Nh7 46. Kg2 Re8 47. Nd4 Re4 48. Nf3 Rg4+ 49. Kh3 Ra4 50. Ne5 g5 51. Rxh7+ Kxh7 52. hxg5 Re4 53. Nf3 Kg6 54. Kg3 Ra4 55. Kg2 Rf4 56. Kg3 Ra4 57. Kh3 Rf4 58. Kg2 Rg4+ 59. Kf1 Rxg5 60. Ke2 Ra5 61. Ke3 Ra2 62. Nd2 Rxd2 63. Kxd2 Kf5 64. Ke3 Ke5 65. Kf3 Kf5 66. Kg3 Kg5 67. Kf3 Kf5 68. Ke2 Kf4 69. f3 Kf5 70. Kf2 Kf4 71. Kg2 Kf5 72. Kg3 Kg5 73. f4+ Kf6 74. Kg4 Kg6 75. f5+ Kf7 76. Kf4 Kf6 77. Ke4 Kf7 78. Ke5 Ke7 79. f6+ Kf8 80. Kf5 Kf7 81. Kg5 Kf8 82. Kg6 Kg8 83. f7+ Kf8 84. Kf6 1/2-1/2

[Event "74th Superior Womens Argentine-ch 2023"]
[Site "Buenos Aires"]
[Date "2023.11.28"]
[Round "9.3"]
[White "Flores Mirabal, Nancy"]
[Black "Sarquis, Maria Belen"]
[Result "1-0"]
[ECO "B20"]
[WhiteElo "1937"]
[BlackElo "2194"]
[Annotator "RC"]
[PlyCount "57"]
[EventDate "2023.11.20"]
[EventType "swiss"]
[EventCountry "ARG"]
[SourceTitle "playchess.com"]
[Source "ChessBase"]
[SourceQuality "1"]
[TimeControl "5400+30"]

1. e4 c5 2. c4 Nc6 3. g3 g6 4. Bg2 Bg7 5. Ne2 h5 6. h3 e5 7. d3 d6 8. Nbc3 Be6 9. Be3 Qd7 10. Qd2 O-O-O 11. Nd5 f5 12. Rb1 h4 13. b4 hxg3 14. b5 gxf2+ 15. Bxf2 Bxd5 16. cxd5 Nd4 17. b6 a6 18. Qa5 Ne7 19. Nc3 Bf6 20. Bxd4 exd4 21. Nb5 Kb8 22. Nc7 Rc8 23. O-O Bg5 24. e5 Ng8 25. Nxa6+ bxa6 26. b7 Rc7 27. Rb6 Be3+ 28. Kh2 Rxb7 29. Rfb1 1-0

[Event "74th Superior Womens Argentine-ch 2023"]
[Site "Buenos Aires"]
[Date "2023.11.28"]
[Round "9.4"]
[White "Adam, Ernestina"]
[Black "Zuriel, Marisa"]
[Result "0-1"]
[ECO "B94"]
[WhiteElo "2036"]
[BlackElo "2165"]
[Annotator "RC"]
[PlyCount "126"]
[EventDate "2023.11.20"]
[EventType "swiss"]
[EventCountry "ARG"]
[SourceTitle "playchess.com"]
[Source "ChessBase"]
[SourceQuality "1"]
[TimeControl "5400+30"]

1. e4 c5 2. Nf3 d6 3. d4 cxd4 4. Nxd4 Nf6 5. Nc3 a6 6. Bg5 Nbd7 7. Qe2 Qc7 8. O-O-O g6 9. f4 e5 10. Nf3 h6 11. Bxf6 Nxf6 12. g3 Bg7 13. Qd2 Bg4 14. Be2 O-O-O 15. Kb1 Kb8 16. h3 Be6 17. Qe3 Rc8 18. Rd2 Qa5 19. a3 Rxc3 20. Qxc3 Qxc3 21. bxc3 Nxe4 22. Kc1 Nxd2 23. Kxd2 Rc8 24. fxe5 dxe5 25. g4 Rc5 26. Re1 Ra5 27. Bd3 Kc7 28. Re3 Kd6 29. Be4 b6 30. Rd3+ Kc7 31. Nh4 Bf6 32. Nf3 Bc4 33. Re3 Rxa3 34. h4 Ra5 35. g5 hxg5 36. hxg5 Be7 37. Re1 Kd6 38. Rh1 Bd5 39. Ke3 Bxe4 40. Kxe4 Ra4+ 41. Ke3 Ke6 42. Rh8 Rg4 43. Re8 Kd7 44. Ra8 Bxg5+ 45. Kf2 Bh4+ 46. Ke3 Bg3 47. Rxa6 Rc4 48. Kd3 Rc6 49. Ra7+ Rc7 50. Ra6 Kc6 51. Ke3 Bf4+ 52. Ke2 g5 53. Ra4 Rd7 54. Re4 f6 55. Rc4+ Kb7 56. Ke1 g4 57. Ng1 f5 58. Ne2 Be3 59. Ng3 f4 60. Nf5 Bc5 61. Re4 g3 62. Nh4 Rh7 63. Nf3 g2 0-1

[Event "74th Superior Womens Argentine-ch 2023"]
[Site "Buenos Aires"]
[Date "2023.11.28"]
[Round "9.5"]
[White "Nejanky, Maisa"]
[Black "Semprevivo, Florencia"]
[Result "1-0"]
[ECO "B82"]
[WhiteElo "1951"]
[BlackElo "1871"]
[Annotator "NA RC"]
[PlyCount "43"]
[EventDate "2023.11.20"]
[EventType "swiss"]
[EventCountry "ARG"]
[SourceTitle "playchess.com"]
[Source "ChessBase"]
[SourceQuality "1"]
[TimeControl "5400+30"]

1. e4 c5 2. Nc3 d6 3. Nf3 Nf6 4. d4 cxd4 5. Nxd4 a6 6. a4 e6 7. f4 Be7 8. Bd3 Nc6 9. Nb3 b6 10. O-O O-O 11. Qf3 Qc7 12. g4 Bb7 13. g5 Nd7 14. Be3 Nb4 15. Qh3 Rfe8 16. f5 exf5 17. exf5 Bf8 18. g6 fxg6 19. fxg6 h6 20. Bf5 Bc8 21. Be6+ Kh8 22. Rf7 1-0